Lightnings vs Ducks

Created - 15 décembre 2021 at 16:47

Goals
1 2 3 T
Lightnings 0 2 2 4
Ducks 0 1 1 2
Shots
1 2 3 T
Lightnings 7 9 11 27
Ducks 12 8 15 35

GoalsPenalties
1st period
No Goal
Victor Hedman (TAM) for High sticking (Minor) at 16:43
2nd period
1. Lightnings , Victor Hedman 7 (Brandon Saad 6, Carl Hagelin 5) at 0:17
2. Ducks , Evgeni Malkin 12 (Ondrej Palat 12) at 12:07
3. Lightnings , Jesper Fast 5 (Travis Zajac 8) at 15:30
Jani Hakanpaa (TAM) for Hooking (Minor) at 1:28
Vincent Trocheck (TAM) for Hooking (Minor) at 7:45
Evgeny Kuznetsov (TAM) for Slashing (Minor) at 17:15
3rd period
4. Lightnings , Timo Meier 7 (MacKenzie Weegar 10, Artemi Panarin 10) at 2:58 (PP)
5. Ducks , Jean-Gabriel Pageau 10 (Roope Hintz 19, Damon Severson 14) at 3:25
6. Lightnings , David Perron 7 (Evgeny Kuznetsov 9, Artemi Panarin 11) at 14:03
Eeli Tolvanen (ANA) for Hooking (Minor) at 2:22
Timo Meier (TAM) for Interference (Minor) at 4:53
Ondrej Palat (ANA) for Roughing (Minor) at 18:56
Goalie Stats
Andrei Vasilevskiy (TAM), 33 saves from 35 shots - (0,943), W, 14-5-2, 60:00 minutes
Tristan Jarry (ANA), 23 saves from 27 shots - (0,852), L, 11-13-0, 60:00 minutes
3 StarsOfficial
1 - Victor Hedman (TAM)
2 - David Perron (TAM)
3 - Andrei Vasilevskiy (TAM)
Referees : Chris Rooney and Steve Kozari
Linesman : Matt MacPherson and Mark Shewchyk
Game Note
No Game Note
Finance
Level 1 -- Attendance: 3259 (65,18%) -- Ticket Income 391 080 $
Level 2 -- Attendance: 3667 (91,68%) -- Ticket Income 201 685 $
Level 3 -- Attendance: 1978 (65,93%) -- Ticket Income 85 054 $
Level 4 -- Attendance: 4000 (100,00%) -- Ticket Income 80 000 $
Luxury Box -- Attendance: 761 (76,10%) -- Ticket Income 159 810 $
Game was played at the Honda Center.
Total Attendance: 13665 (80,38%)
Total Ticket Income: 917 629 $
Other Income: 449 638 $
Total Income: 1 367 267 $



Team Name Goals Shots Shots Attemp Shots Blocked PIM HIT PP PK FO%
Lightnings 427501210211 / 2 (50%)051%
Ducks 2357534200 / 5 (0%)149%

Lightnings
Player Name POS G A P +/- PIM HIT SHT SB MP PP MP PP SHT PK MP PK SHT FO% FOT
Artemi PanarinLW0221004016:451:0300:000100% 1
Brandon SaadLW/RW0110001018:390:3605:03067% 3
Carl HagelinLW0110000013:000:0000:00033% 3
David PerronLW/RW1011012016:180:3600:000100% 1
Evgeny KuznetsovC0111200016:441:0300:00064% 22
Jani HakanpaaD0000220213:430:0003:3300% 0
Jesper FastRW1010003010:470:0004:31050% 2
Josh AndersonLW/RW0000001014:311:0300:0000% 0
MacKenzie WeegarD0110012315:591:0314:4500% 0
Matt NiskanenD0001033122:380:0005:2200% 0
Nick SuzukiC/RW0000032018:280:3604:52125% 24
Patrik NemethD0001010320:400:0004:4300% 0
Rasmus AsplundC/LW/RW000000006:160:0000:0000% 0
Shea TheodoreD0000000021:050:0000:0600% 0
Timo MeierLW/RW1010223014:301:0310:0000% 0
Travis ZajacC0110012011:170:0005:01057% 23
Victor HedmanD1010272324:140:3601:2100% 0
Vincent TrocheckC/RW0000202014:260:3600:23056% 18
Ducks
Player Name POS G A P +/- PIM HIT SHT SB MP PP MP PP SHT PK MP PK SHT FO% FOT
Alex OvechkinLW/RW000-2037022:085:2520:0000% 3
Chris TierneyC000000005:430:0000:31080% 5
Damon SeversonD0112020015:570:0000:5300% 0
Eeli TolvanenLW/RW0000221014:334:4210:0000% 1
Evgeni MalkinC1011006021:525:1300:00057% 30
Jan RuttaD0002001215:570:0000:5300% 0
Jean-Gabriel PageauC101-2023021:564:4210:31046% 39
Jeremy LauzonD000-1020117:200:0000:4600% 0
Joel Eriksson EkC/LW/RW0000001011:000:0001:0800% 0
John MarinoD000-2000022:044:3000:4600% 0
Lars EllerC0000001011:000:0001:08064% 11
Mikhail SergachevD000-2012022:425:5410:0000% 0
Ondrej PalatLW0111234020:223:4410:00040% 5
Roope HintzC/LW011-2014021:274:4400:0000% 0
Thomas ChabotD000-1022020:354:0100:0000% 0
Travis KonecnyRW0001011021:525:1310:0000% 3
Zach Aston-ReeseC/LW/RW000000006:391:2700:0000% 0
Zemgus GirgensonsC/LW/RW000001205:120:0000:0000% 0

Lightnings

5 vs 5 Forward
Line #Left WingCenterRight WingPHYDFOFWanted %Time %Time Play
1Artemi PanarinEvgeny KuznetsovDavid Perron0233132%15:42
2Josh AndersonVincent TrocheckTimo Meier0232828%13:28
3Carl HagelinNick SuzukiBrandon Saad0322627%13:00
4Rasmus AsplundTravis ZajacJesper Fast1221513%6:16
5 vs 5 Defense
Line #DefenseDefensePHYDFOFWanted %Time %Time Play
1Victor HedmanShea Theodore0324243%20:59
2Patrik NemethMatt Niskanen0323033%15:57
3MacKenzie WeegarJani Hakanpaa1312021%10:11
4Victor HedmanMatt Niskanen03283%1:19
Power Play Forward
Line #Left WingCenterRight WingPHYDFOFWanted %Time %Time Play
1Artemi PanarinEvgeny KuznetsovTimo Meier0055364%1:03
2David PerronVincent TrocheckNick Suzuki0054736%0:36
Power Play Defense
Line #DefenseDefensePHYDFOFWanted %Time %Time Play
1Brandon SaadVictor Hedman0145336%0:36
2MacKenzie WeegarJosh Anderson0144764%1:03
Penalty Kill 4 Players Forward
Line #CenterWingPHYDFOFWanted %Time %Time Play
1Travis ZajacBrandon Saad0415051%5:03
2Nick SuzukiJesper Fast1315049%4:52
Penalty Kill 4 Players Defense
Line #DefenseDefensePHYDFOFWanted %Time %Time Play
1Matt NiskanenMacKenzie Weegar1225048%4:46
2Patrik NemethJani Hakanpaa1315052%5:09
Penalty Kill 3 Players
Line #WingPHYDFOFWanted %Time %Time PlayDefenseDefensePHYDFOFWanted %Time %Time Play
1Travis Zajac041500%0:00 Victor HedmanPatrik Nemeth050500%0:00
2Vincent Trocheck041500%0:00 MacKenzie WeegarMatt Niskanen041500%0:00
4 vs 4 Forward
Line #CenterWingPHYDFOFWanted %Time %Time Play
1Evgeny KuznetsovCarl Hagelin023500%0:00
2Vincent TrocheckJesper Fast122500%0:00
4 vs 4 Defense
Line #DefensePHYDFOFWanted %Time %Time Play
1Victor HedmanShea Theodore131500%0:00
2Matt NiskanenMacKenzie Weegar041500%0:00
Last Minutes Offensive
Left WingCenterRight WingDefenseDefense
Vincent TrocheckArtemi PanarinEvgeny KuznetsovVictor HedmanMatt Niskanen
Last Minutes Defensive
Left WingCenterRight WingDefenseDefense
Vincent TrocheckArtemi PanarinEvgeny KuznetsovVictor HedmanMatt Niskanen
Time
Total ForwardTotal DefenseLast Minutes OffensiveLast Minutes Defensive
60:00 60:00 0:000:00
Extra Forwards
Normal PowerPlayPenalty Kill
Evgeny Kuznetsov, Artemi Panarin, Vincent TrocheckEvgeny Kuznetsov, Artemi PanarinVincent Trocheck
Extra Defensemen
Normal PowerPlayPenalty Kill
Matt Niskanen, Victor Hedman, MacKenzie WeegarMatt Niskanen, Matt NiskanenVictor Hedman
Penalty Shots
Evgeny Kuznetsov, Artemi Panarin, Nick Suzuki, Timo Meier, David Perron
Goalie
Andrei Vasilevskiy, James Reimer
Custom OT Lines Forwards
Vincent Trocheck, Evgeny Kuznetsov, Artemi Panarin, Nick Suzuki, Carl Hagelin, Travis Zajac, Timo Meier, Brandon Saad, Josh Anderson, David Perron
Custom OT Lines Defensemen
Matt Niskanen, Victor Hedman, MacKenzie Weegar, Patrik Nemeth, Shea Theodore
Scratches
Mathieu Perreault (Healthy)

Ducks

5 vs 5 Forward
Line #Left WingCenterRight WingPHYDFOFWanted %Time %Time Play
1Roope HintzJean-Gabriel PageauAlex Ovechkin0143635%16:43
2Ondrej PalatEvgeni MalkinTravis Konecny1133634%16:39
3Joel Eriksson EkLars EllerEeli Tolvanen1222020%9:52
4Zemgus GirgensonsChris TierneyZach Aston-Reese131811%5:12
5 vs 5 Defense
Line #DefenseDefensePHYDFOFWanted %Time %Time Play
1Mikhail SergachevJohn Marino0233635%16:48
2Thomas ChabotJeremy Lauzon0413334%16:34
3Damon SeversonJan Rutta2303031%15:04
4Mikhail SergachevThomas Chabot02310%0:00
Power Play Forward
Line #Left WingCenterRight WingPHYDFOFWanted %Time %Time Play
1Roope HintzEvgeni MalkinTravis Konecny1045553%5:13
2Ondrej PalatJean-Gabriel PageauEeli Tolvanen0054547%4:42
Power Play Defense
Line #DefenseDefensePHYDFOFWanted %Time %Time Play
1Mikhail SergachevAlex Ovechkin1045459%5:54
2John MarinoThomas Chabot0054641%4:01
Penalty Kill 4 Players Forward
Line #CenterWingPHYDFOFWanted %Time %Time Play
1Lars EllerJoel Eriksson Ek1405069%1:08
2Jean-Gabriel PageauChris Tierney1405031%0:31
Penalty Kill 4 Players Defense
Line #DefenseDefensePHYDFOFWanted %Time %Time Play
1John MarinoJeremy Lauzon0505046%0:46
2Damon SeversonJan Rutta0505054%0:53
Penalty Kill 3 Players
Line #WingPHYDFOFWanted %Time %Time PlayDefenseDefensePHYDFOFWanted %Time %Time Play
1Lars Eller140500%0:00 John MarinoJeremy Lauzon050500%0:00
2Jean-Gabriel Pageau050500%0:00 Damon SeversonJan Rutta050500%0:00
4 vs 4 Forward
Line #CenterWingPHYDFOFWanted %Time %Time Play
1Evgeni MalkinAlex Ovechkin122500%0:00
2Jean-Gabriel PageauRoope Hintz122500%0:00
4 vs 4 Defense
Line #DefensePHYDFOFWanted %Time %Time Play
1Mikhail SergachevThomas Chabot122500%0:00
2Damon SeversonJohn Marino122500%0:00
Last Minutes Offensive
Left WingCenterRight WingDefenseDefense
Roope HintzEvgeni MalkinAlex OvechkinMikhail SergachevThomas Chabot
Last Minutes Defensive
Left WingCenterRight WingDefenseDefense
Lars EllerJean-Gabriel PageauJoel Eriksson EkJohn MarinoJeremy Lauzon
Time
Total ForwardTotal DefenseLast Minutes OffensiveLast Minutes Defensive
60:00 60:00 0:000:00
Extra Forwards
Normal PowerPlayPenalty Kill
Roope Hintz, Joel Eriksson Ek, Alex OvechkinAlex Ovechkin, Jean-Gabriel PageauLars Eller
Extra Defensemen
Normal PowerPlayPenalty Kill
Mikhail Sergachev, Jeremy Lauzon, Damon SeversonMikhail Sergachev, Jan RuttaDamon Severson
Penalty Shots
Alex Ovechkin, Evgeni Malkin, Roope Hintz, Travis Konecny, Eeli Tolvanen
Goalie
Tristan Jarry, Jake Allen
Custom OT Lines Forwards
Alex Ovechkin, Evgeni Malkin, Roope Hintz, Joel Eriksson Ek, Jean-Gabriel Pageau, Ondrej Palat, Lars Eller, Travis Konecny, Chris Tierney, Eeli Tolvanen
Custom OT Lines Defensemen
Mikhail Sergachev, Thomas Chabot, John Marino, Jeremy Lauzon, Damon Severson
Scratches
Jacob de la Rose (Healthy), Vince Dunn (Healthy)


Play-by-Play

1st period


0:01 of 1st period - Evgeny Kuznetsov wins face-off versus Jean-Gabriel Pageau in neutral zone.
0:55 of 1st period - David Perron is hit by Ondrej Palat.
1:24 of 1st period - Timo Meier is hit by Jeremy Lauzon and loses puck.
1:35 of 1st period - Shot by Timo Meier.
1:35 of 1st period - Shot Misses the Net.
1:37 of 1st period - Shot by Patrik Nemeth.
1:37 of 1st period - Shot Misses the Net.
1:39 of 1st period - Shot by Vincent Trocheck.
1:39 of 1st period - Stopped by Tristan Jarry without a rebound.
1:40 of 1st period - Lars Eller wins face-off versus Nick Suzuki in Ducks zone.
1:57 of 1st period - Shot by Lars Eller.
1:57 of 1st period - Shot Blocked by MacKenzie Weegar.
2:03 of 1st period - Shot by Carl Hagelin.
2:03 of 1st period - Shot Hit the Post.
2:05 of 1st period - Shot by Carl Hagelin.
2:05 of 1st period - Shot Misses the Net.
2:09 of 1st period - Shot by Carl Hagelin.
2:09 of 1st period - Shot Misses the Net.
2:11 of 1st period - Shot by Nick Suzuki.
2:11 of 1st period - Shot Misses the Net.
2:13 of 1st period - Shot by Nick Suzuki.
2:13 of 1st period - Deflect By Brandon Saad.
2:13 of 1st period - Stopped by Tristan Jarry without a rebound.
2:14 of 1st period - Chris Tierney wins face-off versus Travis Zajac in Ducks zone.
2:42 of 1st period - Mikhail Sergachev is hit by Matt Niskanen and loses puck.
2:51 of 1st period - Shot by Matt Niskanen.
2:51 of 1st period - Stopped by Tristan Jarry without a rebound.
2:52 of 1st period - Jean-Gabriel Pageau wins face-off versus Carl Hagelin in Ducks zone.
3:07 of 1st period - Shot by Carl Hagelin.
3:07 of 1st period - Shot Blocked by Jan Rutta.
3:09 of 1st period - Shot by Victor Hedman.
3:09 of 1st period - Stopped by Tristan Jarry without a rebound.
3:10 of 1st period - Ondrej Palat wins face-off versus Vincent Trocheck in Ducks zone.
3:12 of 1st period - Icing by Jeremy Lauzon.
3:13 of 1st period - Vincent Trocheck wins face-off versus Evgeni Malkin in Ducks zone.
3:38 of 1st period - Shot by Ondrej Palat.
3:38 of 1st period - Shot Misses the Net.
4:52 of 1st period - Shot by Jean-Gabriel Pageau.
4:52 of 1st period - Shot Misses the Net.
4:54 of 1st period - Shot by Alex Ovechkin.
4:54 of 1st period - Stopped by Andrei Vasilevskiy without a rebound.
4:55 of 1st period - Lars Eller wins face-off versus Carl Hagelin in Lightnings zone.
5:02 of 1st period - Eeli Tolvanen is hit by Nick Suzuki and loses puck.
5:25 of 1st period - Shot by Brandon Saad.
5:25 of 1st period - Shot Misses the Net.
6:17 of 1st period - Shot by Travis Zajac.
6:17 of 1st period - Stopped by Tristan Jarry without a rebound.
6:18 of 1st period - Vincent Trocheck wins face-off versus Alex Ovechkin in Ducks zone.
6:43 of 1st period - Shot by Jean-Gabriel Pageau.
6:43 of 1st period - Shot Misses the Net.
6:49 of 1st period - Shot by Jean-Gabriel Pageau.
6:49 of 1st period - Shot Misses the Net.
6:51 of 1st period - Shot by Damon Severson.
6:51 of 1st period - Shot Blocked by Jani Hakanpaa.
6:53 of 1st period - Shot by Jan Rutta.
6:53 of 1st period - Stopped by Andrei Vasilevskiy with a rebound.
6:57 of 1st period - Shot by Alex Ovechkin.
6:57 of 1st period - Shot Blocked by MacKenzie Weegar.
7:34 of 1st period - Travis Konecny is hit by Victor Hedman and loses puck.
7:41 of 1st period - Shot by Travis Konecny.
7:41 of 1st period - Shot Hit the Post.
7:43 of 1st period - Shot by Evgeni Malkin.
7:43 of 1st period - Shot Misses the Net.
7:45 of 1st period - Shot by Thomas Chabot.
7:45 of 1st period - Stopped by Andrei Vasilevskiy without a rebound.
7:46 of 1st period - Chris Tierney wins face-off versus Nick Suzuki in Lightnings zone.
8:16 of 1st period - Zemgus Girgensons is hit by Matt Niskanen and loses puck.
8:21 of 1st period - Shot by Zach Aston-Reese.
8:21 of 1st period - Shot Misses the Net.
8:23 of 1st period - Shot by Zach Aston-Reese.
8:23 of 1st period - Shot Misses the Net.
9:03 of 1st period - Shot by Alex Ovechkin.
9:03 of 1st period - Deflect By Roope Hintz.
9:03 of 1st period - Stopped by Andrei Vasilevskiy without a rebound.
9:04 of 1st period - Evgeni Malkin wins face-off versus Evgeny Kuznetsov in Lightnings zone.
9:04 of 1st period - Travis Konecny is hit by Victor Hedman and loses puck.
9:11 of 1st period - Shot by Thomas Chabot.
9:11 of 1st period - Shot Misses the Net.
9:13 of 1st period - Shot by Thomas Chabot.
9:13 of 1st period - Stopped by Andrei Vasilevskiy without a rebound.
9:14 of 1st period - Lars Eller wins face-off versus Travis Zajac in Lightnings zone.
9:28 of 1st period - Off-side.
9:29 of 1st period - Evgeny Kuznetsov wins face-off versus Evgeni Malkin in neutral zone.
9:43 of 1st period - Icing by John Marino.
9:44 of 1st period - Evgeni Malkin wins face-off versus Vincent Trocheck in Ducks zone.
9:44 of 1st period - Travis Konecny is hit by Timo Meier and loses puck.
9:58 of 1st period - John Marino is hit by Victor Hedman and loses puck.
10:07 of 1st period - Shot by Evgeni Malkin.
10:07 of 1st period - Stopped by Andrei Vasilevskiy without a rebound.
10:08 of 1st period - Evgeny Kuznetsov wins face-off versus Jean-Gabriel Pageau in Lightnings zone.
10:08 of 1st period - Evgeny Kuznetsov is hit by Alex Ovechkin.
10:30 of 1st period - Patrik Nemeth is hit by Alex Ovechkin.
11:50 of 1st period - Timo Meier is hit by Damon Severson.
13:02 of 1st period - Evgeni Malkin is hit by Jani Hakanpaa and loses puck.
14:11 of 1st period - Shot by Artemi Panarin.
14:11 of 1st period - Shot Misses the Net.
14:13 of 1st period - Shot by Evgeny Kuznetsov.
14:13 of 1st period - Shot Misses the Net.
14:15 of 1st period - Shot by David Perron.
14:15 of 1st period - Stopped by Tristan Jarry without a rebound.
14:16 of 1st period - Vincent Trocheck wins face-off versus Chris Tierney in Ducks zone.
14:19 of 1st period - Shot by Timo Meier.
14:19 of 1st period - Shot Misses the Net.
14:41 of 1st period - Icing by MacKenzie Weegar.
14:42 of 1st period - Lars Eller wins face-off versus Vincent Trocheck in Lightnings zone.
15:21 of 1st period - Shot by Joel Eriksson Ek.
15:21 of 1st period - Shot Misses the Net.
16:03 of 1st period - Shot by Ondrej Palat.
16:03 of 1st period - Stopped by Andrei Vasilevskiy without a rebound.
16:04 of 1st period - Evgeny Kuznetsov wins face-off versus Jean-Gabriel Pageau in Lightnings zone.
16:15 of 1st period - Shot by Roope Hintz.
16:15 of 1st period - Stopped by Andrei Vasilevskiy without a rebound.
16:16 of 1st period - Travis Zajac wins face-off versus Evgeni Malkin in Lightnings zone.
16:29 of 1st period - Off-side.
16:30 of 1st period - Evgeny Kuznetsov wins face-off versus Jean-Gabriel Pageau in neutral zone.
16:43 of 1st period - Minor Penalty to Victor Hedman for High sticking.
16:44 of 1st period - Travis Zajac wins face-off versus Evgeni Malkin in Lightnings zone.
16:44 of 1st period - Travis Zajac is hit by Travis Konecny.
16:54 of 1st period - Shot by Alex Ovechkin.
16:54 of 1st period - Shot Misses the Net.
16:56 of 1st period - Shot by Travis Konecny.
16:56 of 1st period - Shot Blocked by MacKenzie Weegar.
16:58 of 1st period - Shot by Evgeni Malkin.
16:58 of 1st period - Shot Misses the Net.
17:00 of 1st period - Shot by Roope Hintz.
17:00 of 1st period - Shot Misses the Net.
17:02 of 1st period - Shot by Mikhail Sergachev.
17:02 of 1st period - Shot Blocked by Matt Niskanen.
17:04 of 1st period - Shot by Roope Hintz.
17:04 of 1st period - Shot Misses the Net.
17:12 of 1st period - Shot by Alex Ovechkin.
17:12 of 1st period - Stopped by Andrei Vasilevskiy without a rebound.
17:13 of 1st period - Jean-Gabriel Pageau wins face-off versus Nick Suzuki in Lightnings zone.
17:34 of 1st period - Shot by John Marino.
17:34 of 1st period - Shot Misses the Net.
17:45 of 1st period - Off-side.
17:46 of 1st period - Evgeni Malkin wins face-off versus Travis Zajac in neutral zone.
18:06 of 1st period - Shot by Roope Hintz.
18:06 of 1st period - Shot Blocked by Patrik Nemeth.
18:10 of 1st period - Shot by Travis Konecny.
18:10 of 1st period - Shot Blocked by Patrik Nemeth.
18:14 of 1st period - Shot by Mikhail Sergachev.
18:14 of 1st period - Shot Blocked by Jani Hakanpaa.
18:16 of 1st period - Shot by Mikhail Sergachev.
18:16 of 1st period - Shot Blocked by Patrik Nemeth.
18:18 of 1st period - Shot by Travis Konecny.
18:18 of 1st period - Stopped by Andrei Vasilevskiy without a rebound.
18:19 of 1st period - Jean-Gabriel Pageau wins face-off versus Travis Zajac in Lightnings zone.
18:24 of 1st period - Shot by Ondrej Palat.
18:24 of 1st period - Stopped by Andrei Vasilevskiy with a rebound.
18:31 of 1st period - Icing by Jean-Gabriel Pageau.
18:32 of 1st period - Jean-Gabriel Pageau wins face-off versus Travis Zajac in Ducks zone.
18:46 of 1st period - Icing by Victor Hedman.
18:47 of 1st period - Evgeni Malkin wins face-off versus Evgeny Kuznetsov in Lightnings zone.
18:47 of 1st period - Evgeni Malkin is hit by Victor Hedman.
18:51 of 1st period - Shot by Ondrej Palat.
18:51 of 1st period - Stopped by Andrei Vasilevskiy without a rebound.
18:52 of 1st period - Evgeny Kuznetsov wins face-off versus Evgeni Malkin in Lightnings zone.
19:04 of 1st period - Evgeny Kuznetsov is hit by Thomas Chabot and loses puck.
19:24 of 1st period - Icing by Thomas Chabot.
19:25 of 1st period - Evgeni Malkin wins face-off versus Nick Suzuki in Ducks zone.
19:48 of 1st period - Shot by Matt Niskanen.
19:48 of 1st period - Stopped by Tristan Jarry without a rebound.
19:49 of 1st period - Travis Zajac wins face-off versus Jean-Gabriel Pageau in Ducks zone.
19:53 of 1st period - Icing by Roope Hintz.
19:54 of 1st period - Evgeny Kuznetsov wins face-off versus Jean-Gabriel Pageau in Ducks zone.
Goals for this period are 0 for Lightnings vs 0 for Ducks.
Shots for this period are 7 for Lightnings vs 12 for Ducks.

2nd period


0:01 of 2nd period - Jean-Gabriel Pageau wins face-off versus Nick Suzuki in neutral zone.
0:17 of 2nd period - Shot by Victor Hedman.
0:17 of 2nd period - Goal by Victor Hedman - Lightnings : 1 - Ducks : 0.
0:18 of 2nd period - Evgeni Malkin wins face-off versus Evgeny Kuznetsov in neutral zone.
0:41 of 2nd period - Jan Rutta is hit by David Perron and loses puck.
1:19 of 2nd period - Icing by Jan Rutta.
1:20 of 2nd period - Evgeni Malkin wins face-off versus Brandon Saad in Ducks zone.
1:20 of 2nd period - Ondrej Palat is hit by Nick Suzuki and loses puck.
1:28 of 2nd period - Minor Penalty to Jani Hakanpaa for Hooking.
1:29 of 2nd period - Jean-Gabriel Pageau wins face-off versus Nick Suzuki in Lightnings zone.
1:47 of 2nd period - Alex Ovechkin is hit by Victor Hedman and loses puck.
3:26 of 2nd period - Icing by Mikhail Sergachev.
3:27 of 2nd period - Brandon Saad wins face-off versus Jean-Gabriel Pageau in Ducks zone.
3:49 of 2nd period - Shot by Vincent Trocheck.
3:49 of 2nd period - Shot Misses the Net.
3:51 of 2nd period - Shot by Vincent Trocheck.
3:51 of 2nd period - Stopped by Tristan Jarry without a rebound.
3:52 of 2nd period - Evgeny Kuznetsov wins face-off versus Lars Eller in Ducks zone.
4:07 of 2nd period - Shot by Artemi Panarin.
4:07 of 2nd period - Stopped by Tristan Jarry with a rebound.
4:09 of 2nd period - Shot by MacKenzie Weegar.
4:09 of 2nd period - Stopped by Tristan Jarry without a rebound.
4:10 of 2nd period - Nick Suzuki wins face-off versus Evgeni Malkin in Ducks zone.
4:26 of 2nd period - Off-side.
4:27 of 2nd period - Jean-Gabriel Pageau wins face-off versus Travis Zajac in neutral zone.
4:36 of 2nd period - Shot by Alex Ovechkin.
4:36 of 2nd period - Shot Misses the Net.
5:00 of 2nd period - Victor Hedman is hit by Mikhail Sergachev and loses puck.
5:11 of 2nd period - Shot by Roope Hintz.
5:11 of 2nd period - Stopped by Andrei Vasilevskiy without a rebound.
5:12 of 2nd period - Evgeni Malkin wins face-off versus Nick Suzuki in Lightnings zone.
5:20 of 2nd period - Icing by Patrik Nemeth.
5:21 of 2nd period - Evgeni Malkin wins face-off versus Nick Suzuki in Lightnings zone.
5:25 of 2nd period - Icing by Patrik Nemeth.
5:26 of 2nd period - Evgeni Malkin wins face-off versus Nick Suzuki in Lightnings zone.
5:53 of 2nd period - Shot by Carl Hagelin.
5:53 of 2nd period - Shot Blocked by Jeremy Lauzon.
5:55 of 2nd period - Shot by Carl Hagelin.
5:55 of 2nd period - Shot Misses the Net.
6:40 of 2nd period - Icing by John Marino.
6:41 of 2nd period - Evgeny Kuznetsov wins face-off versus Jean-Gabriel Pageau in Ducks zone.
6:53 of 2nd period - Jean-Gabriel Pageau is hit by MacKenzie Weegar and loses puck.
6:59 of 2nd period - Icing by MacKenzie Weegar.
7:00 of 2nd period - Evgeny Kuznetsov wins face-off versus Lars Eller in Lightnings zone.
7:17 of 2nd period - Shot by Evgeny Kuznetsov.
7:17 of 2nd period - Shot Misses the Net.
7:45 of 2nd period - Minor Penalty to Vincent Trocheck for Hooking.
7:46 of 2nd period - Nick Suzuki wins face-off versus Evgeni Malkin in Lightnings zone.
9:21 of 2nd period - Shot by Thomas Chabot.
9:21 of 2nd period - Shot Misses the Net.
9:23 of 2nd period - Shot by Jean-Gabriel Pageau.
9:23 of 2nd period - Shot Misses the Net.
9:25 of 2nd period - Shot by Eeli Tolvanen.
9:25 of 2nd period - Stopped by Andrei Vasilevskiy without a rebound.
9:26 of 2nd period - Travis Zajac wins face-off versus Jean-Gabriel Pageau in Lightnings zone.
9:30 of 2nd period - Off-side.
9:31 of 2nd period - Travis Zajac wins face-off versus Jean-Gabriel Pageau in neutral zone.
9:57 of 2nd period - Shot by Chris Tierney.
9:57 of 2nd period - Shot Misses the Net.
10:11 of 2nd period - Shot by Zemgus Girgensons.
10:11 of 2nd period - Stopped by Andrei Vasilevskiy with a rebound.
10:25 of 2nd period - Shot by Zach Aston-Reese.
10:25 of 2nd period - Shot Blocked by Victor Hedman.
10:39 of 2nd period - Shot by Eeli Tolvanen.
10:39 of 2nd period - Shot Misses the Net.
11:14 of 2nd period - Shea Theodore is hit by Eeli Tolvanen and loses puck.
11:42 of 2nd period - Alex Ovechkin is hit by Matt Niskanen.
11:54 of 2nd period - Shot by Evgeny Kuznetsov.
11:54 of 2nd period - Shot Misses the Net.
11:56 of 2nd period - Shot by Artemi Panarin.
11:56 of 2nd period - Shot Misses the Net.
11:58 of 2nd period - Shot by Artemi Panarin.
11:58 of 2nd period - Stopped by Tristan Jarry without a rebound.
11:59 of 2nd period - Ondrej Palat wins face-off versus Nick Suzuki in Ducks zone.
11:59 of 2nd period - Ondrej Palat is hit by Nick Suzuki.
12:07 of 2nd period - Shot by Evgeni Malkin.
12:07 of 2nd period - Goal by Evgeni Malkin - Lightnings : 1 - Ducks : 1.
12:08 of 2nd period - Nick Suzuki wins face-off versus Travis Konecny in neutral zone.
13:26 of 2nd period - Shot by Roope Hintz.
13:26 of 2nd period - Stopped by Andrei Vasilevskiy without a rebound.
13:27 of 2nd period - Lars Eller wins face-off versus Evgeny Kuznetsov in Lightnings zone.
13:39 of 2nd period - Icing by Matt Niskanen.
13:40 of 2nd period - Chris Tierney wins face-off versus Evgeny Kuznetsov in Lightnings zone.
14:12 of 2nd period - Shot by Matt Niskanen.
14:12 of 2nd period - Stopped by Tristan Jarry without a rebound.
14:13 of 2nd period - Jean-Gabriel Pageau wins face-off versus Travis Zajac in Ducks zone.
14:13 of 2nd period - Jean-Gabriel Pageau is hit by Travis Zajac.
14:22 of 2nd period - Shot by Jesper Fast.
14:22 of 2nd period - Stopped by Tristan Jarry without a rebound.
14:23 of 2nd period - Vincent Trocheck wins face-off versus Alex Ovechkin in Ducks zone.
15:06 of 2nd period - Shot by Victor Hedman.
15:06 of 2nd period - Shot Misses the Net.
15:28 of 2nd period - Icing by Thomas Chabot.
15:29 of 2nd period - Travis Zajac wins face-off versus Jean-Gabriel Pageau in Ducks zone.
15:30 of 2nd period - Shot by Jesper Fast.
15:30 of 2nd period - Goal by Jesper Fast - Lightnings : 2 - Ducks : 1.
15:31 of 2nd period - Travis Zajac wins face-off versus Ondrej Palat in neutral zone.
15:44 of 2nd period - Travis Zajac is hit by Ondrej Palat and loses puck.
16:12 of 2nd period - Shot by Evgeni Malkin.
16:12 of 2nd period - Shot Misses the Net.
16:14 of 2nd period - Shot by Ondrej Palat.
16:14 of 2nd period - Stopped by Andrei Vasilevskiy with a rebound.
16:38 of 2nd period - Shot by Eeli Tolvanen.
16:38 of 2nd period - Deflect By Lars Eller.
16:38 of 2nd period - Shot Blocked by Victor Hedman.
17:15 of 2nd period - Minor Penalty to Evgeny Kuznetsov for Slashing.
17:16 of 2nd period - Evgeni Malkin wins face-off versus Jesper Fast in Lightnings zone.
17:23 of 2nd period - Shot by Alex Ovechkin.
17:23 of 2nd period - Stopped by Andrei Vasilevskiy with a rebound.
18:12 of 2nd period - Off-side.
18:13 of 2nd period - Travis Zajac wins face-off versus Eeli Tolvanen in neutral zone.
19:17 of 2nd period - Zach Aston-Reese is hit by Victor Hedman and loses puck.
19:34 of 2nd period - Shot by Zemgus Girgensons.
19:34 of 2nd period - Stopped by Andrei Vasilevskiy without a rebound.
19:35 of 2nd period - Vincent Trocheck wins face-off versus Jean-Gabriel Pageau in Lightnings zone.
19:40 of 2nd period - Shot by Timo Meier.
19:40 of 2nd period - Stopped by Tristan Jarry without a rebound.
19:41 of 2nd period - Chris Tierney wins face-off versus Nick Suzuki in Ducks zone.
Goals for this period are 2 for Lightnings vs 1 for Ducks.
Shots for this period are 9 for Lightnings vs 8 for Ducks.

3rd period


0:01 of 3rd period - Jean-Gabriel Pageau wins face-off versus Nick Suzuki in neutral zone.
0:20 of 3rd period - Shot by Alex Ovechkin.
0:20 of 3rd period - Stopped by Andrei Vasilevskiy without a rebound.
0:21 of 3rd period - Evgeni Malkin wins face-off versus Vincent Trocheck in Lightnings zone.
0:24 of 3rd period - Shot by Ondrej Palat.
0:24 of 3rd period - Deflect By Evgeni Malkin.
0:24 of 3rd period - Stopped by Andrei Vasilevskiy with a rebound.
0:27 of 3rd period - Icing by Matt Niskanen.
0:28 of 3rd period - Vincent Trocheck wins face-off versus Alex Ovechkin in Lightnings zone.
0:45 of 3rd period - Shot by Timo Meier.
0:45 of 3rd period - Stopped by Tristan Jarry without a rebound.
0:46 of 3rd period - Nick Suzuki wins face-off versus Evgeni Malkin in Ducks zone.
1:07 of 3rd period - Brandon Saad is hit by Thomas Chabot and loses puck.
1:16 of 3rd period - Shot by Carl Hagelin.
1:16 of 3rd period - Shot Misses the Net.
1:18 of 3rd period - Shot by Nick Suzuki.
1:18 of 3rd period - Shot Misses the Net.
2:04 of 3rd period - Icing by Patrik Nemeth.
2:05 of 3rd period - Evgeny Kuznetsov wins face-off versus Lars Eller in Lightnings zone.
2:05 of 3rd period - Evgeny Kuznetsov is hit by Eeli Tolvanen.
2:11 of 3rd period - Shot by Artemi Panarin.
2:11 of 3rd period - Shot Blocked by Jan Rutta.
2:22 of 3rd period - Minor Penalty to Eeli Tolvanen for Hooking.
2:23 of 3rd period - Artemi Panarin wins face-off versus Jean-Gabriel Pageau in Ducks zone.
2:58 of 3rd period - Shot by Timo Meier.
2:58 of 3rd period - Goal by Timo Meier - Lightnings : 3 - Ducks : 1.
2:59 of 3rd period - Travis Zajac wins face-off versus Jean-Gabriel Pageau in neutral zone.
2:59 of 3rd period - Travis Zajac is hit by Jean-Gabriel Pageau.
3:02 of 3rd period - Matt Niskanen is hit by Damon Severson and loses puck.
3:07 of 3rd period - Shot by Travis Zajac.
3:07 of 3rd period - Deflect By Jesper Fast.
3:07 of 3rd period - Stopped by Tristan Jarry without a rebound.
3:08 of 3rd period - Travis Zajac wins face-off versus Jean-Gabriel Pageau in Ducks zone.
3:25 of 3rd period - Shot by Jean-Gabriel Pageau.
3:25 of 3rd period - Goal by Jean-Gabriel Pageau - Lightnings : 3 - Ducks : 2.
3:26 of 3rd period - Vincent Trocheck wins face-off versus Evgeni Malkin in neutral zone.
3:45 of 3rd period - Shot by Josh Anderson.
3:45 of 3rd period - Stopped by Tristan Jarry without a rebound.
3:46 of 3rd period - Evgeny Kuznetsov wins face-off versus Jean-Gabriel Pageau in Ducks zone.
4:04 of 3rd period - Evgeny Kuznetsov is hit by Jeremy Lauzon and loses puck.
4:21 of 3rd period - Evgeny Kuznetsov is hit by Alex Ovechkin and loses puck.
4:41 of 3rd period - Icing by Jeremy Lauzon.
4:42 of 3rd period - Vincent Trocheck wins face-off versus Jean-Gabriel Pageau in Ducks zone.
4:53 of 3rd period - Minor Penalty to Timo Meier for Interference.
4:54 of 3rd period - Evgeni Malkin wins face-off versus Travis Zajac in Lightnings zone.
5:01 of 3rd period - Shot by John Marino.
5:01 of 3rd period - Shot Misses the Net.
5:03 of 3rd period - Shot by Mikhail Sergachev.
5:03 of 3rd period - Stopped by Andrei Vasilevskiy with a rebound.
5:05 of 3rd period - Shot by John Marino.
5:05 of 3rd period - Shot Misses the Net.
5:18 of 3rd period - Icing by Mikhail Sergachev.
5:19 of 3rd period - Jesper Fast wins face-off versus Evgeni Malkin in Ducks zone.
5:22 of 3rd period - Shot by Nick Suzuki.
5:22 of 3rd period - Stopped by Tristan Jarry without a rebound.
5:23 of 3rd period - Jean-Gabriel Pageau wins face-off versus Nick Suzuki in Ducks zone.
5:40 of 3rd period - Shot by Jean-Gabriel Pageau.
5:40 of 3rd period - Stopped by Andrei Vasilevskiy without a rebound.
5:41 of 3rd period - Travis Zajac wins face-off versus Evgeni Malkin in Lightnings zone.
6:17 of 3rd period - Icing by Mikhail Sergachev.
6:18 of 3rd period - Evgeni Malkin wins face-off versus Nick Suzuki in Ducks zone.
6:46 of 3rd period - Icing by Eeli Tolvanen.
6:47 of 3rd period - Jean-Gabriel Pageau wins face-off versus Travis Zajac in Ducks zone.
6:56 of 3rd period - Shot by Zach Aston-Reese.
6:56 of 3rd period - Shot Blocked by Victor Hedman.
7:09 of 3rd period - Victor Hedman is hit by Zemgus Girgensons and loses puck.
8:12 of 3rd period - Shot by Joel Eriksson Ek.
8:12 of 3rd period - Stopped by Andrei Vasilevskiy without a rebound.
8:13 of 3rd period - Jean-Gabriel Pageau wins face-off versus Nick Suzuki in Lightnings zone.
8:44 of 3rd period - Icing by John Marino.
8:45 of 3rd period - Jean-Gabriel Pageau wins face-off versus Evgeny Kuznetsov in Ducks zone.
8:57 of 3rd period - Icing by John Marino.
8:58 of 3rd period - Travis Zajac wins face-off versus Jean-Gabriel Pageau in Ducks zone.
9:25 of 3rd period - Shot by Travis Zajac.
9:25 of 3rd period - Stopped by Tristan Jarry without a rebound.
9:26 of 3rd period - Evgeny Kuznetsov wins face-off versus Travis Konecny in Ducks zone.
9:39 of 3rd period - Shot by Ondrej Palat.
9:39 of 3rd period - Shot Misses the Net.
10:09 of 3rd period - Shot by Evgeni Malkin.
10:09 of 3rd period - Stopped by Andrei Vasilevskiy without a rebound.
10:10 of 3rd period - Lars Eller wins face-off versus Vincent Trocheck in Lightnings zone.
10:50 of 3rd period - Icing by Vincent Trocheck.
10:51 of 3rd period - Jean-Gabriel Pageau wins face-off versus Vincent Trocheck in Lightnings zone.
10:53 of 3rd period - Roope Hintz is hit by Victor Hedman and loses puck.
11:38 of 3rd period - Brandon Saad is hit by Roope Hintz and loses puck.
12:14 of 3rd period - Shot by Evgeni Malkin.
12:14 of 3rd period - Stopped by Andrei Vasilevskiy without a rebound.
12:15 of 3rd period - Evgeny Kuznetsov wins face-off versus Lars Eller in Lightnings zone.
12:22 of 3rd period - Shot by Artemi Panarin.
12:22 of 3rd period - Shot Misses the Net.
12:32 of 3rd period - Shot by Artemi Panarin.
12:32 of 3rd period - Stopped by Tristan Jarry with a rebound.
12:38 of 3rd period - Shot by Artemi Panarin.
12:38 of 3rd period - Stopped by Tristan Jarry without a rebound.
12:39 of 3rd period - Evgeni Malkin wins face-off versus Vincent Trocheck in Ducks zone.
12:44 of 3rd period - Shot by Ondrej Palat.
12:44 of 3rd period - Shot Misses the Net.
12:46 of 3rd period - Shot by Evgeni Malkin.
12:46 of 3rd period - Stopped by Andrei Vasilevskiy without a rebound.
12:47 of 3rd period - Vincent Trocheck wins face-off versus Ondrej Palat in Lightnings zone.
12:47 of 3rd period - Vincent Trocheck is hit by Ondrej Palat.
13:15 of 3rd period - Shot by Timo Meier.
13:15 of 3rd period - Shot Misses the Net.
14:03 of 3rd period - Shot by David Perron.
14:03 of 3rd period - Goal by David Perron - Lightnings : 4 - Ducks : 2.
14:04 of 3rd period - Lars Eller wins face-off versus Nick Suzuki in neutral zone.
14:04 of 3rd period - Lars Eller is hit by Jani Hakanpaa.
14:31 of 3rd period - Off-side.
14:32 of 3rd period - David Perron wins face-off versus Jean-Gabriel Pageau in neutral zone.
14:45 of 3rd period - Shot by Alex Ovechkin.
14:45 of 3rd period - Stopped by Andrei Vasilevskiy with a rebound.
14:50 of 3rd period - Alex Ovechkin is hit by Patrik Nemeth and loses puck.
14:55 of 3rd period - Shot by Roope Hintz.
14:55 of 3rd period - Shot Misses the Net.
15:03 of 3rd period - Shot by Alex Ovechkin.
15:03 of 3rd period - Stopped by Andrei Vasilevskiy without a rebound.
15:04 of 3rd period - Nick Suzuki wins face-off versus Evgeni Malkin in Lightnings zone.
15:42 of 3rd period - Off-side.
15:43 of 3rd period - Jean-Gabriel Pageau wins face-off versus Travis Zajac in neutral zone.
15:47 of 3rd period - Icing by Patrik Nemeth.
15:48 of 3rd period - Travis Zajac wins face-off versus Jean-Gabriel Pageau in Lightnings zone.
16:25 of 3rd period - Shot by Alex Ovechkin.
16:25 of 3rd period - Shot Misses the Net.
16:27 of 3rd period - Shot by Jean-Gabriel Pageau.
16:27 of 3rd period - Stopped by Andrei Vasilevskiy without a rebound.
16:28 of 3rd period - Evgeni Malkin wins face-off versus Evgeny Kuznetsov in Lightnings zone.
16:39 of 3rd period - Shot by Jeremy Lauzon.
16:39 of 3rd period - Shot Misses the Net.
17:42 of 3rd period - Shot by Lars Eller.
17:42 of 3rd period - Stopped by Andrei Vasilevskiy without a rebound.
17:43 of 3rd period - Jean-Gabriel Pageau wins face-off versus Nick Suzuki in Lightnings zone.
17:44 of 3rd period - Shot by Mikhail Sergachev.
17:44 of 3rd period - Stopped by Andrei Vasilevskiy without a rebound.
17:45 of 3rd period - Vincent Trocheck wins face-off versus Jean-Gabriel Pageau in Lightnings zone.
17:45 of 3rd period - MacKenzie Weegar is hit by Jean-Gabriel Pageau and loses puck.
18:04 of 3rd period - Shot by Jean-Gabriel Pageau.
18:04 of 3rd period - Deflect By Alex Ovechkin.
18:04 of 3rd period - Stopped by Andrei Vasilevskiy without a rebound.
18:05 of 3rd period - Nick Suzuki wins face-off versus Travis Konecny in Lightnings zone.
18:11 of 3rd period - Icing by Nick Suzuki.
18:12 of 3rd period - Brandon Saad wins face-off versus Ondrej Palat in Lightnings zone.
18:20 of 3rd period - Shot by Nick Suzuki.
18:20 of 3rd period - Stopped by Tristan Jarry without a rebound.
18:21 of 3rd period - Carl Hagelin wins face-off versus Evgeni Malkin in Ducks zone.
18:25 of 3rd period - Icing by John Marino.
18:26 of 3rd period - Evgeni Malkin wins face-off versus Nick Suzuki in Ducks zone.
18:56 of 3rd period - Minor Penalty to Ondrej Palat for Roughing.
18:57 of 3rd period - Jean-Gabriel Pageau wins face-off versus Evgeny Kuznetsov in Ducks zone.
18:57 of 3rd period - Jean-Gabriel Pageau is hit by Timo Meier.
19:23 of 3rd period - Shot by MacKenzie Weegar.
19:23 of 3rd period - Stopped by Tristan Jarry without a rebound.
19:24 of 3rd period - Jean-Gabriel Pageau wins face-off versus Vincent Trocheck in Ducks zone.
Goals for this period are 2 for Lightnings vs 1 for Ducks.
Shots for this period are 11 for Lightnings vs 15 for Ducks.